 Dungeon Crawl Stone Soup version 0.31-a0-609-g7bf6ffcfed (webtiles) character file.

Game seed: 15101560756064165266

469 avis the Changeling (level 7, 0/52 HPs)
             Began as a Merfolk Shapeshifter on Aug 22, 2023.
             Succumbed to a scorpion's poison
             ... on level 4 of the Dungeon.
             The game lasted 00:17:39 (2902 turns).

avis the Changeling (Merfolk Shapeshifter)          Turns: 2902, Time: 00:17:39

Health: 0/52       AC:  8    Str: 15    XL:     7   Next: 9%
Magic:  7/7        EV:  9    Int:  7    God:
Gold:   189        SH:  0    Dex: 17    Spells: 6/6 levels left

rFire   x .          .
                       - Unarmed
rCold   . . .        (no shield)
rNeg    . . .        m - +0 chain mail
rPois   .            (helmet currently unavailable)
rElec   .            (cloak currently unavailable)
rCorr   .            (gloves currently unavailable)
SInv    .            (boots currently unavailable)
Will    +....        (no amulet) Stlth
                     (no ring)
HPRegen 0.28/turn    (no ring)
MPRegen 0.10/turn

%: no passive effects
@: lethally poisoned (0 -> -5), beast-form, enlightened, flying
A: beast (slay +4), (nimble swimmer 2), mertail, camouflage 1, heat
vulnerability 1
a: Begin Untransformation


You were on level 4 of the Dungeon.
You were a hulking beast.
You visited 1 branch of the dungeon, and saw 4 of its levels.

You collected 189 gold pieces.

Inventory:

Missiles
 o - 2 poisoned darts
Armour
 m - a +0 chain mail (worn)
Talismans
 c - a beast talisman (active)
 d - a flux talisman
Wands
 n - a wand of charming (8)
Scrolls
 a - a scroll of amnesia {unknown}
 e - a scroll of enchant weapon {unknown}
 f - 3 scrolls of identify {unknown}
 g - a scroll of poison {unknown}
 i - a scroll of butterflies {unknown}
 j - 2 scrolls of enchant armour {unknown}
 k - a scroll of fear {unknown}
 l - a scroll of immolation {unknown}
 s - a scroll of torment {unknown}
 v - a scroll of teleportation {unknown}
Potions
 b - a potion of lignification
 h - a potion of mutation
 p - a potion of might {unknown}
 q - a potion of attraction {unknown}
 r - a potion of degeneration {unknown}
 t - a potion of enlightenment
 u - a potion of brilliance {unknown}
 w - a potion of haste {unknown}


   Skills:
 + Level 3.5 Fighting
 + Level 4.9 Dodging
 + Level 4.8 Unarmed Combat
 * Level 6.3 Shapeshifting


You had 6 spell levels left.
You didn't know any spells.
Your spell library was empty.

Dungeon Overview and Level Annotations

Branches:
Dungeon (4/15)
 Temple: D:4-7

Altars:

Shops:
D:1 [   D:3 =


Innate Abilities, Weirdness & Mutations

You are a hulking beast.
Your limbs bulge with bestial killing power. (Slay +4)
((You are very nimble when in or above water. (Stealth+, EV+, Speed+++)))
Your lower body shifts to a powerful aquatic tail in water.
Your skin changes colour to match your surroundings (Stealth+).
You are vulnerable to heat. (rF-)


Message History

The scorpion stings you.
You hit the scorpion.
The scorpion is severely wounded.
The scorpion stings you.
You are poisoned.
The scorpion poisons you! The scorpion stings you.
You are more poisoned.
The scorpion poisons you!
You hit the scorpion but do no damage.
The scorpion is severely wounded.
* * * LOW HITPOINT WARNING * * *
You feel very sick. The scorpion stings you.
* * * LOW HITPOINT WARNING * * *
You completely miss the scorpion.
The scorpion is severely wounded.
* * * LOW HITPOINT WARNING * * *
You feel sick.
The scorpion stings you but does no damage.
Okay, then.
You closely miss the scorpion.
The scorpion is severely wounded.
* * * LOW HITPOINT WARNING * * *
You feel sick.
The scorpion stings you but does no damage.
It was a potion of mutation.
You feel extremely strange.
You feel vulnerable to heat.
Your skin functions as natural camouflage.
* * * LOW HITPOINT WARNING * * *
You feel sick.
The scorpion stings you but does no damage.
You punch the scorpion!
You kill the scorpion!
* * * LOW HITPOINT WARNING * * *
You feel sick.
You have reached level 7!
It was a potion of enlightenment.
You feel very buoyant.
You fly up into the air.
You die...

#....# #.....# #..... ##'###...
#.....# #..... ..........
#####.....# +..... ..........
+...#.....# #..... ..........
#...#.....# #...†† ..........
...#.....# #..... ..........
..#.....#####..... ####+#.....
###†#............... # ......
#>†h'............... #
......#...#............... #
......'...#............... #
......#...#............... #+####
..... ##'##....<..........
.....#########...#######'###.....
.....#.....................#.....
.....#.....................#.....
.....#.....................#.....


There were no monsters in sight!

Vanquished Creatures
  A scorpion (D:4)
  An orc priest (D:3)
  2 hounds
  A sleepcap (D:4)
  Jessica (D:2)
  Natasha (thrice) (D:3)
  An iguana (D:4)
  9 adders
  2 ufetubi (D:4)
  A worm (D:2)
  A dart slug (D:1)
  4 orcs
  3 endoplasms
  4 giant cockroaches
  9 hobgoblins
  9 jackals
  2 kobolds
  2 quokkas
  4 ball pythons
  5 bats
  4 frilled lizards
  4 goblins (D:1)
  6 rats
79 creatures vanquished.

Vanquished Creatures (collateral kills)
  An orc (D:3)
1 creature vanquished.

Vanquished Creatures (others)
  An orc (D:3)
1 creature vanquished.

Grand Total: 81 creatures vanquished

Notes
Turn   | Place    | Note
-------+----------+-------------------------------------------
     0 | D:1      | avis the Merfolk Shapeshifter began the quest for the Orb.
     0 | D:1      | Reached XP level 1. HP: 15/15 MP: 1/1
    70 | D:1      | Found Icighit's Armour Emporium.
   137 | D:1      | Reached XP level 2. HP: 17/21 MP: 2/2
   434 | D:2      | Reached XP level 3. HP: 25/27 MP: 3/3
   712 | D:2      | Noticed Jessica
   718 | D:2      | Killed Jessica
   719 | D:2      | Reached XP level 4. HP: 27/33 MP: 4/4
  1033 | D:2      | Reached skill level 5 in Shapeshifting
  1399 | D:3      | Reached XP level 5. HP: 39/39 MP: 5/5
  1408 | D:3      | Noticed Natasha
  1423 | D:3      | Killed Natasha
  1575 | D:3      | Found Hyur's Jewellery Boutique.
  1827 | D:3      | Noticed Natasha
  1838 | D:3      | Killed Natasha
  1839 | D:3      | Reached XP level 6. HP: 30/46 MP: 6/6
  2304 | D:3      | Noticed Natasha
  2312 | D:3      | Killed Natasha
  2607 | D:4      | Reached skill level 6 in Shapeshifting
  2900 | D:4      | Gained mutation: You are vulnerable to heat. (rF-) [potion
                  | of mutation]
  2900 | D:4      | Gained mutation: Your skin changes colour to match your
                  | surroundings (Stealth+). [potion of mutation]
  2900 | D:4      | HP: 2/47 [poisoned by a scorpion]
  2902 | D:4      | Reached XP level 7. HP: 2/52 MP: 7/7
  2902 | D:4      | Succumbed to a scorpion's poison

Illustrated notes

Levels and vault maps discovered:
D:1:      tekkud_arrival_beachfront_property, layout_basic, serial_shops,
          nicolae_shop_window_shopping, item_on_display_a
D:2:      layout_basic, minmay_misc_feat_secret_circle, uniq_jessica
D:3:      layout_basic, serial_shops, nicolae_shop_just_a_little_nook,
          uniq_natasha
D:4:      layout_gridville, minmay_misc_feat_doors, item_on_display_a

Skill      XL: |  1  2  3  4  5  6 |
---------------+-------------------+-----
Dodging        | 3 4 |  4.9
Fighting       | 2 3 |  3.5
Shapeshifting  | 5 6 |  6.3
Unarmed Combat | 4 |  4.8

Action                     |  1- 3 |  4- 6 |  7- 9 || total
---------------------------+-------+-------+-------++-------
  Melee: Unarmed           |    72 |   164 |       ||   236
         Punch             |     1 |     8 |       ||     9
  Evoke: Wand              |       |     2 |       ||     2
    Use: Potion            |       |     1 |     1 ||     2
 Armour: Ring mail         |    15 |       |       ||    15
         Chain mail        |       |    85 |       ||    85
  Dodge: Dodged            |    45 |    65 |       ||   110

Table legend: (Time is in decaauts)
 A = Elapsed time spent in this place.
 B = Non-inter-level travel time spent in this place.
 C = Inter-level travel time spent in this place.
 D = Time resting spent in this place.
 E = Time spent auto-exploring this place.
 F = Levels seen in this place.
 G = Mean time per level.
                   A        B        C        D        E       F      G
               +--------+--------+--------+--------+--------+-----+--------+
         Total |   2881 |   2384 |    497 |    508 |   1064 |   4 |  720.2 |
       Dungeon |   2881 |   2384 |    497 |    508 |   1064 |   4 |  720.2 |
               +--------+--------+--------+--------+--------+-----+--------+

Top non-repeatable levels by time:
     D:3: 1163 daAuts
     D:2: 668 daAuts
     D:1: 650 daAuts
     D:4: 398 daAuts
